 Dungeon Crawl Stone Soup version 0.32-a0-42-ga30500b4d3 (webtiles) character file.

Game seed: 7694141044660991710

460 porpoise the Shooter (level 7, -1/81 HPs)
             Began as a Human Hunter on Jan 31, 2024.
             Splashed by a jelly's acid (2 damage)
             ... on level 4 of the Dungeon.
             The game lasted 00:06:50 (3405 turns).

porpoise the Shooter (Human Hunter)                 Turns: 3405, Time: 00:06:51

Health: -1/81      AC: -8    Str:  9 (11) XL:     7   Next: 7%
Magic:  7/7        EV: 13    Int:  7 (10) God:
Gold:   242        SH:  0    Dex: 15 (18) Spells: 6/6 levels left

rFire   . . .        b - +2 dagger (venom)
rCold   . . .        (no shield)
rNeg    . . .        c - +1 leather armour
rPois   +            (no helmet)
rElec   .            (no cloak)
rCorr   .            (no gloves)
SInv    .            (no boots)
Will    +....        (no amulet) Stlth
                     t - ring of poison resistance
HPRegen 1.13/turn    (no ring)
MPRegen 0.10/turn

%: no passive effects
@: brilliant, berserking, corroded, enlightened, flying, hasted, very quick
A: explore regen, hooves 1, regeneration 1
a: no special abilities


You were on level 4 of the Dungeon.
You visited 1 branch of the dungeon, and saw 5 of its levels.

You collected 242 gold pieces.

Inventory:

Hand Weapons
 a - a +0 shortbow
 b - a +2 dagger of venom (weapon)
 x - a +2 dagger of holy wrath
Missiles
 l - 4 boomerangs
Armour
 c - a +1 leather armour (worn)
Jewellery
 t - a ring of poison resistance (left hand)
Scrolls
 f - a scroll of fog {unknown}
 g - 2 scrolls of teleportation
 k - a scroll of identify {unknown}
 m - a scroll of blinking {unknown}
 n - a scroll of poison
 p - a scroll of vulnerability
 q - a scroll of butterflies
 s - a scroll of revelation {unknown}
 u - 3 scrolls of enchant armour
 v - a scroll of summoning {unknown}
Potions
 e - a potion of brilliance
 i - 2 potions of haste
 r - a potion of ambrosia
 A - a potion of might {unknown}
 B - a potion of cancellation {unknown}


   Skills:
 + Level 4.0 Fighting
 + Level 5.3 Ranged Weapons
 + Level 3.9 Dodging
 + Level 3.9 Stealth


You had 6 spell levels left.
You didn't know any spells.
Your spell library contained the following spells:

 Spells                   Type           Power      Damage    Failure   Level
 Sting                    Conj/Alch      0%         1d3       54%         1
 Mercury Vapours          Alch/Air       0%         N/A       69%         2
 Olgreb's Toxic Radiance  Alch           0%         N/A       100%        4
 Summon Forest            Summ/Tloc      0%         N/A       100%        5
 Eringya's Noxious Bog    Alch           0%         4d6       100%        6
 Summon Hydra             Summ           0%         N/A       100%        7


Dungeon Overview and Level Annotations

Branches:
Dungeon (5/15)
 Temple: D:4-7

Altars:
Cheibriados


Innate Abilities, Weirdness & Mutations

You regain HP and MP as you explore.
You have large cloven feet.
Your natural rate of healing is unusually fast.


Message History

You bump into the stone wall.
You feel less invigorated.
You feel less confused. The jelly completely misses you.
You hit the jelly but do no damage.
The jelly is poisoned.
The acid corrodes you!
Your hands burn!
* * * LOW HITPOINT WARNING * * *
You punch the jelly, but do no damage. The jelly hits you.
* * * LOW HITPOINT WARNING * * *
The acid corrodes you!
You are splashed with acid.
* * * LOW HITPOINT WARNING * * *
It was a potion of curing.
You feel better.
It was a potion of mutation.
You feel extremely strange.
Your feet thicken and deform.
You begin to heal more quickly.
The jelly hits you.
* * * LOW HITPOINT WARNING * * *
You are splashed with acid.
* * * LOW HITPOINT WARNING * * *
It was a potion of degeneration.
There was something very wrong with that liquid.
You feel weakened.
You feel dopey.
You feel clumsy. The jelly closely misses you.
It was a potion of enlightenment.
You feel very buoyant.
You fly up into the air.
It was a potion of berserk rage.
A red film seems to cover your vision as you go berserk!
You feel yourself moving faster!
You feel mighty! The jelly hits you.
* * * LOW HITPOINT WARNING * * *
The acid corrodes you!
You are splashed with acid.
* * * LOW HITPOINT WARNING * * *
You puncture the jelly!
Your hands burn!
* * * LOW HITPOINT WARNING * * *
The jelly is heavily wounded.
The jelly completely misses you.
You hit the jelly but do no damage.
Your hands burn!
* * * LOW HITPOINT WARNING * * *
You kick the jelly, but do no damage.
The jelly is heavily wounded.
You hit the jelly. The acid corrodes you!
Your hands burn!
You die...

#.....).#...............#
#8...).8#...........)...#
#.......##......>......##
#.......###...........##
######.###..####.###### #
#.))))## #†# # ##...##
#g# # #####....# #J# #
#.....##.# #@# #
#.######.# #.# ###.# #.#
#.# .##.# #.# #.# ....#
#.## ##.# ....# #..# #..#
.##.# ##.###.## ..#.#
#..##.# #.#.# ##....#


You could see a jelly (poisoned) and a gnoll.

Vanquished Creatures
  A black bear (D:4)
  2 scorpions (D:4)
  2 bombardier beetles
  A sleepcap (D:4)
  3 gnolls
  6 adders
  2 ufetubi (D:4)
  2 dart slugs
  5 orcs
  3 ball pythons
  5 endoplasms
  7 giant cockroaches
  10 goblins
  5 hobgoblins
  2 jackals (D:3)
  2 quokkas
  3 bats
  3 frilled lizards
  4 kobolds
  4 rats
72 creatures vanquished.

Notes
Turn   | Place    | Note
-------+----------+-------------------------------------------
     0 | D:1      | porpoise the Human Hunter began the quest for the Orb.
     0 | D:1      | Reached XP level 1. HP: 16/16 MP: 1/1
   440 | D:1      | Reached XP level 2. HP: 22/22 MP: 2/2
   928 | D:2      | Reached XP level 3. HP: 28/28 MP: 3/3
  1783 | D:3      | Reached XP level 4. HP: 32/34 MP: 4/4
  2208 | D:4      | Reached XP level 5. HP: 41/41 MP: 5/5
  2599 | D:4      | Found a snail-covered altar of Cheibriados.
  2654 | D:4      | Reached skill level 5 in Ranged Weapons
  2654 | D:4      | Reached XP level 6. HP: 30/47 MP: 6/6
  2923 | D:4      | Noticed a black bear
  2947 | D:4      | Killed a black bear
  3114 | D:5      | Entered Level 5 of the Dungeon
  3269 | D:4      | Reached XP level 7. HP: 53/54 MP: 7/7
  3399 | D:4      | Gained mutation: You have large cloven feet. [potion of
                  | mutation]
  3399 | D:4      | Gained mutation: Your natural rate of healing is unusually
                  | fast. [potion of mutation]
  3403 | D:4      | HP: 3/81 [acid (3)]
  3404 | D:4      | HP: 1/81 [acid (3)]
  3405 | D:4      | Splashed by a jelly's acid

Illustrated notes

Levels and vault maps discovered:
D:1:      psy_arrival_fountain, layout_loops_ring
D:2:      layout_basic
D:3:      layout_rooms
D:4:      kennysheep_the_goblin_king, layout_rooms, mainiacjoe_overflow_brackets
D:5:      layout_rooms, nicolae_wu_jian_wuxing_cycle, serial_park_tiny_2

Skill      XL: |  1  2  3  4  5  6 |
---------------+-------------------+-----
Stealth        | 2 3 |  3.9
Fighting       | 3 4 |  4.0
Dodging        | 3 |  3.9
Ranged Weapons | 5 |  5.3

Action                     |  1- 3 |  4- 6 |  7- 9 || total
---------------------------+-------+-------+-------++-------
  Melee: Dagger            |       |     4 |     6 ||    10
         Kick              |       |       |     1 ||     1
         Punch             |       |       |     1 ||     1
   Fire: Shortbow          |   100 |   156 |     2 ||   258
    Use: Scroll            |       |     6 |       ||     6
         Potion            |       |       |     8 ||     8
 Armour: Leather armour    |    31 |    66 |     9 ||   106
  Dodge: Dodged            |    21 |    89 |    15 ||   125

Table legend: (Time is in decaauts)
 A = Elapsed time spent in this place.
 B = Non-inter-level travel time spent in this place.
 C = Inter-level travel time spent in this place.
 D = Time resting spent in this place.
 E = Time spent auto-exploring this place.
 F = Levels seen in this place.
 G = Mean time per level.
                   A        B        C        D        E       F      G
               +--------+--------+--------+--------+--------+-----+--------+
         Total |   3452 |   3149 |    303 |    548 |   2080 |   5 |  690.4 |
       Dungeon |   3452 |   3149 |    303 |    548 |   2080 |   5 |  690.4 |
               +--------+--------+--------+--------+--------+-----+--------+

Top non-repeatable levels by time:
     D:4: 1148 daAuts
     D:2: 933 daAuts
     D:1: 672 daAuts
     D:3: 618 daAuts
     D:5: 79 daAuts
